 Dungeon Crawl Stone Soup version 0.29.1-1-gd02db6906a (webtiles) character file.

Game seed: 8632070535169591617

48 lonewolfV2 the Trooper (level 3, -1/29 HPs)
             Began as a Demonspawn Berserker on Oct 20, 2022.
             Was a Follower of Trog.
             Frozen to death by an endoplasm (5 damage)
             ... on level 2 of the Dungeon.
             The game lasted 00:01:42 (2287 turns).

lonewolfV2 the Trooper (Demonspawn Berserker)       Turns: 2287, Time: 00:01:43

Health: -1/29      AC:  2    Str: 19    XL:     3   Next: 50%
Magic:  3/3        EV: 12    Int:  8    God:    Trog [*.....]
Gold:   112        SH:  0    Dex: 12    Spells: 2/2 levels left

rFire   . . .      SeeInvis .   a - +0 mace
rCold   . . .      Faith    .   (no shield)
rNeg    . . .      Spirit   .   b - +0 animal skin
rPois   .          Reflect  .   (helmet restricted)
rElec   .          Harm     .   (no cloak)
rCorr   .          Rampage  .   (no gloves)
Will    .....                   (no boots)
Stlth   +.........              (no amulet)
HPRegen 0.09/turn               (no ring)
MPRegen 0.08/turn               (no ring)

@: lethally poisoned (-1 -> -10)
A: horns 1
a: Renounce Religion, Berserk


You were on level 2 of the Dungeon.
You worshipped Trog.
Trog was aware of your devotion.
You visited 1 branch of the dungeon, and saw 2 of its levels.

You collected 112 gold pieces.

Inventory:

Hand Weapons
 a - a +0 mace (weapon)
Armour
 b - a +0 animal skin (worn)
Scrolls
 c - a scroll of teleportation
 g - a scroll of blinking {unknown}
 h - a scroll of enchant weapon {unknown}
Potions
 d - 2 potions of heal wounds
 e - a potion of resistance {unknown}
 f - 2 potions of haste {unknown}
 i - a potion of mutation {unknown}
 j - 2 potions of curing {unknown}
 k - a potion of might


   Skills:
 + Level 3.4 Fighting
 + Level 3.1 Maces & Flails
 + Level 2.3 Armour
 + Level 2.3 Dodging


You had 2 spell levels left.
You didn't know any spells.
Your spell library was empty.

Dungeon Overview and Level Annotations

Branches:
Dungeon (2/15)

Altars:


Innate Abilities, Weirdness & Mutations

You have a pair of small horns on your head.


Message History

Found a whip.
k - a potion of might You see here a +0 whip.
You open the door.
An adder comes into view.
An adder is nearby!
An adder is nearby!
An endoplasm and a kobold come into view.
The adder bites you.
There is an open door here.
A kobold comes into view. It is wielding a +0 short sword.
The kobold shouts!
You hear a shout!
The adder closely misses you.
The endoplasm quivers.
The adder barely misses you. The adder bites you.
You are poisoned.
The adder poisons you!
There is an open door here.
The adder attacks as you move away! The adder barely misses you.
You feel sick.
You thump the adder!
The adder is severely wounded.
You feel sick. The adder bites you.
You are more poisoned.
The adder poisons you! The adder bites you.
You are lethally poisoned!
The adder poisons you!
You hit the adder.
You kill the adder!
Trog accepts your kill.
You feel very sick.
You hit the endoplasm.
You headbutt the endoplasm, but do no damage.
The endoplasm is severely wounded.
You feel very sick. The endoplasm freezes you.
You are frozen.
* * * LOW HITPOINT WARNING * * *
The endoplasm freezes you.
You are frozen.
You die...

###.........
#..........
#........#
#........#
#........#
#........#
#...K....#
####J#####
#@########
#........#
#).......#
#........#
#........#
#........#
#........#
##.......#
#.......#


You could see an endoplasm and a kobold.

Vanquished Creatures
  An adder (D:2)
  4 bats (D:2)
  6 endoplasms
  A giant cockroach (D:2)
  2 goblins (D:1)
  2 hobgoblins
  2 jackals (D:1)
  5 kobolds
  3 quokkas
  2 ball pythons (D:1)
  3 frilled lizards
  2 rats (D:1)
33 creatures vanquished.

Notes
Turn   | Place    | Note
-------+----------+-------------------------------------------
     0 | D:1      | lonewolfV2 the Demonspawn Berserker began the quest for the
                  | Orb.
     0 | D:1      | Reached XP level 1. HP: 18/18 MP: 1/1
   390 | D:1      | Gained mutation: You have a pair of small horns on your
                  | head. [demonic ancestry]
   390 | D:1      | Reached XP level 2. HP: 14/24 MP: 2/2
  1705 | D:2      | Reached XP level 3. HP: 18/29 MP: 3/3
  2287 | D:2      | Frozen to death by an endoplasm

Illustrated notes

Levels and vault maps discovered:
D:1:      minmay_arrival_wavy_path, layout_basic, due_unseen_surprise
D:2:      layout_basic

Skill      XL: |  1  2 |
---------------+-------+-----
Armour         | 2 |  2.3
Dodging        | 2 |  2.3
Maces & Flails | 3 |  3.1
Fighting       | |  3.4

Action                   || total
-------------------------++-------
Melee: Mace              ||    86
       Headbutt          ||    13
       Punch             ||     1
  Use: Scroll            ||     4
 Stab: Sleeping          ||     3
Armor: Animal skin       ||    20
Dodge: Dodged            ||    76
